 Dungeon Crawl Stone Soup version 0.31.0-12-g77e489cdc1 (webtiles) character file.

Game seed: 6245485736004606543

241 lordive the Shooter (level 5, 0/46 HPs)
             Began as a Minotaur Hunter on Feb 28, 2024.
             Was an Initiate of Okawaru.
             Incinerated by a bombardier beetle (6 damage)
             ... with a burning spray
             ... on level 4 of the Dungeon.
             The game lasted 00:03:44 (2609 turns).

lordive the Shooter (Minotaur Hunter)               Turns: 2609, Time: 00:03:45

Health: 0/46       AC:  5    Str: 16    XL:     5   Next: 80%
Magic:  4/4        EV: 11    Int:  6    God:    Okawaru [......]
Gold:   251        SH:  0    Dex: 15    Spells: 4/4 levels left

rFire   . . .        a - +0 shortbow
rCold   . . .        (shield currently unavailable)
rNeg    . . .        l - +0 ring mail
rPois   .            (helmet restricted)
rElec   .            (no cloak)
rCorr   .            (no gloves)
SInv    .            (no boots)
Will    .....        (no amulet)
Stlth   +            (no ring)
HPRegen 0.27/turn    (no ring)
MPRegen 0.09/turn

%: no passive effects
@: on fire, glowing
A: horns 2, retaliatory headbutt
a: Renounce Religion


You were on level 4 of the Dungeon.
You worshipped Okawaru.
Okawaru was noncommittal.
You visited 1 branch of the dungeon, and saw 4 of its levels.

You collected 251 gold pieces.

Inventory:

Hand Weapons
 a - a +0 shortbow (weapon)
 i - a +1 dagger of speed
 m - a +0 long sword
Armour
 c - a +0 plate armour
 l - a +0 ring mail (worn)
Scrolls
 b - a scroll of butterflies
 d - 2 scrolls of identify {unknown}
 h - a scroll of blinking {unknown}
 n - a scroll of teleportation {unknown}
 o - 2 scrolls of immolation {unknown}
Potions
 e - 3 potions of haste {unknown}
 f - 2 potions of invisibility {unknown}
 g - a potion of might {unknown}
 j - a potion of lignification {unknown}
 k - 3 potions of curing {unknown}
 p - a potion of experience {unknown}


   Skills:
 + Level 4.1 Fighting
 + Level 6.7 Ranged Weapons
 + Level 2.0 Armour
 + Level 2.3 Dodging
 - Level 0.7 Stealth
 * Level 0.4 Invocations


You had 4 spell levels left.
You didn't know any spells.
Your spell library contained the following spells:

 Spells                   Type           Power      Damage    Failure   Level
 Foxfire                  Conj/Fire      0%         2x1d4     67%         1
 Necrotise                Necr           0%         1d4       67%         1
 Shock                    Conj/Air       0%         1d3       67%         1
 Dazzling Flash           Conj/Hex       0%         N/A       95%         3
 Inner Flame              Hex/Fire       0%         N/A       95%         3
 Swiftness                Air            0%         N/A       95%         3
 Vampiric Draining        Necr           0%         2d6       95%         3
 Volatile Blastmotes      Fire/Tloc      0%         2d10      95%         3
 Airstrike                Air            0%         2d(0-16)  100%        4
 Flame Wave               Conj/Fire      0%         2d4       100%        4
 Sticky Flame             Fire/Alch      0%         2d4       100%        4
 Curse of Agony           Necr           0%         N/A       100%        5
 Plasma Beam              Fire/Air       0%         2x1d10    100%        6
 Starburst                Conj/Fire      0%         6d3       100%        6
 Maxwell's Capacitive Co  Air            0%         ∞         100%        8
 Martyr's Knell           Necr/Summ      Unusable   N/A       N/A         4

Dungeon Overview and Level Annotations

Branches:
Dungeon (4/15)             Temple (0/1) D:4

Altars:
Okawaru

Shops:
D:1 [


Innate Abilities, Weirdness & Mutations

You have a pair of horns on your head.
You reflexively headbutt those who attack you in melee.


Message History

You shoot an arrow. The arrow hits the bombardier beetle.
The bombardier beetle is severely wounded.
The liquid fire burns you!
The bombardier beetle sprays incendiary fluid at you.
The burning spray hits you.
You are even more covered in liquid fire!
You shoot an arrow. The arrow hits the bombardier beetle.
The bombardier beetle is almost dead.
The liquid fire burns you!
You are too injured to fight recklessly!
You are too injured to fight recklessly!
You are too injured to fight recklessly!
Unknown command.
Fire: a) +0 shortbow
Press: ? - help, Q - select action Shift-Dir - straight line, f/p - bombardier beetle
Aim: a bombardier beetle (almost dead, 74% to hit)
You shoot an arrow.
The arrow barely misses the bombardier beetle.
The liquid fire burns you!
The bombardier beetle sprays incendiary fluid at you.
The burning spray hits you.
You are even more covered in liquid fire!
Fire: a) +0 shortbow
Press: ? - help, Q - select action Shift-Dir - straight line, f/p - bombardier beetle
Aim: a bombardier beetle (almost dead, 74% to hit)
You shoot an arrow. The arrow hits the bombardier beetle.
You kill the bombardier beetle!
Okawaru accepts your kill. The liquid fire burns you!
* * * LOW HITPOINT WARNING * * *
Your Armour skill increases to level 2!
You shake off some of the fire as you move.
The liquid fire burns you!
* * * LOW HITPOINT WARNING * * *
You shake off some of the fire as you move.
The liquid fire burns you!
* * * LOW HITPOINT WARNING * * *
You close the door.
The liquid fire burns you!
You die...

........................'........
........................#########
####+#....##+##....).............
#....#...#..................
#....+...'..................
#....#+###..................
...........####.......####...
...........+..+.......+ #...
........#@.#.......# #...
.>......#..# .. #... .....†..#..#
#... ...........# #...
....######## #... .... #... ..
#... #... ####


There were no monsters in sight!

Vanquished Creatures
  A scorpion (D:4)
  A bombardier beetle (D:4)
  An orc priest (D:3)
  An iguana (D:3)
  2 adders (D:3)
  A dart slug (D:2)
  A ribbon worm (D:4)
  4 orcs
  7 endoplasms
  A giant cockroach (D:1)
  8 goblins
  2 hobgoblins
  2 jackals (D:3)
  7 kobolds
  3 quokkas
  7 ball pythons
  3 bats
  A frilled lizard (D:2)
  10 rats
63 creatures vanquished.

Notes
Turn   | Place    | Note
-------+----------+-------------------------------------------
     0 | D:1      | lordive the Minotaur Hunter began the quest for the Orb.
     0 | D:1      | Reached XP level 1. HP: 18/18 MP: 0/0
    80 | D:1      | Found Qagafa's Antique Armour Boutique.
   104 | D:1      | Reached XP level 2. HP: 25/25 MP: 1/1
   495 | D:1      | Reached skill level 5 in Ranged Weapons
   910 | D:2      | Reached XP level 3. HP: 29/30 MP: 2/2
  1504 | D:3      | Reached skill level 1 in Armour
  1504 | D:3      | Reached XP level 4. HP: 6/40 MP: 3/3
  1659 | D:3      | Found a faded altar of an unknown god.
  1700 | D:3      | Found an iron altar of Okawaru.
  1729 | D:3      | Became a worshipper of Warmaster Okawaru
  1951 | D:3      | Reached skill level 6 in Ranged Weapons
  2105 | D:4      | Noticed a scorpion
  2110 | D:4      | Killed a scorpion
  2111 | D:4      | Reached XP level 5. HP: 46/46 MP: 4/4
  2139 | D:4      | Found a staircase to the Ecumenical Temple.
  2609 | D:4      | Incinerated by a bombardier beetle

Illustrated notes

Levels and vault maps discovered:
D:1:      dpeg_arrival_three_same_balls, layout_basic, serial_shops, shop,
          minivault_19
D:2:      layout_loops_ring
D:3:      layout_rooms, mainiacjoe_overflow_boulevard,
          shapermc_ecumenical_altar_acropolis
D:4:      layout_gridville, minmay_temple_entry_glassed_door,
          due_unseen_surprise

Skill      XL: |  1  2  3  4  5 |
---------------+----------------+-----
Ranged Weapons | 5 6 |  6.7
Fighting       | 3 4 |  4.1
Armour         | 1 2 |  2.0
Dodging        | |  2.3
Stealth        | |  0.7
Invocations    | |  0.4

Action                     |  1- 3 |  4- 6 || total
---------------------------+-------+-------++-------
   Fire: Shortbow          |   109 |    80 ||   189
 Armour: Leather armour    |    10 |       ||    10
         Ring mail         |     7 |     6 ||    13
  Dodge: Dodged            |    21 |     8 ||    29
